 Dungeon Crawl Stone Soup version 0.19.3-4-gbf9329e (console) character file.

368 Grinner the Cudgeler (level 6, -4/71 HPs)
             Began as an Ogre Monk on Jan 30, 2017.
             Was a Believer of Okawaru.
             Slain by Menkaure (19 damage)
             ... on level 4 of the Dungeon.
             The game lasted 00:07:23 (4096 turns).

Grinner the Cudgeler (Ogre Monk)                    Turns: 4096, Time: 00:07:24

Health: -4/71      AC:  4    Str: 16 (19) XL:     6   Next: 69%
Magic:  6/6        EV: 10    Int:  6 (9)  God:    Okawaru [**....]
Gold:   229        SH:  4    Dex: 11 (12) Spells: 0 memorised, 5 levels left

rFire  + . .     SeeInvis .     b - +1 flail
rCold  + . .     Gourm    .     k - +0 robe
rNeg   . . .     Faith    .     (no shield)
rPois  +         Spirit   .     (helmet restricted)
rElec  +         Reflect  +     m - +0 cloak
rCorr  +         Harm     .     (gloves unavailable)
MR     .....                    (boots unavailable)
Stlth  ++........               s - +4 amulet of reflection
                                (no ring)
                                (no ring)

@: exhausted, resistant, flying, slowed, very slow
A: unfitting armour, tough skin 1
a: Heroism, Renounce Religion


You were on level 4 of the Dungeon.
You worshipped Okawaru.
Okawaru was pleased with you.
You were hungry.

You visited 1 branch of the dungeon, and saw 4 of its levels.

You collected 229 gold pieces.

Inventory:

Hand Weapons
 a - a +0 whip
 b - a +1 flail (weapon)
Armour
 k - a +0 robe (worn)
 m - a +0 cloak (worn)
Jewellery
 s - a +4 amulet of reflection (around neck)
Scrolls
 d - 2 scrolls of remove curse
 e - a scroll of blinking
 f - 2 scrolls of recharging
 l - a scroll of fog
Comestibles
 c - 3 bread rations
 g - a royal jelly
 h - a meat ration
 q - a slice of pizza


   Skills:
 + Level 7.1 Fighting
 + Level 7.5 Maces & Flails
 - Level 2.6 Dodging
 - Level 1.4 Stealth


You had 5 spell levels left.
You didn't know any spells.

Dungeon Overview and Level Annotations

Branches:
Dungeon (4/15)
 Temple: D:4-7

Altars:
Cheibriados
Makhleb
Okawaru
Sif Muna
Xom
Yredelemnul

Annotations:
D:4 Menkaure


Innate Abilities, Weirdness & Mutations

You are too large for most types of armour.
You have tough skin. (AC +1)


Message History

Menkaure is moderately damaged.
Menkaure hits you!
* * * LOW HITPOINT WARNING * * *
It was a potion of resistance.
You feel protected. Menkaure closely misses you.
Menkaure points at you and mumbles some strange words.
Pain shoots through your body!
* * * LOW HITPOINT WARNING * * *
It was a potion of degeneration.
There was something very wrong with that liquid.
You feel weakened.
You feel dopey.
You feel clumsy. Menkaure barely misses you.
It was a potion of flight.
You feel very buoyant.
You fly up into the air.
Menkaure mumbles some strange words.
Menkaure seems to speed up.
You feel better. Menkaure hits you!!
You die...

#8_8..........#
#.8.≈≈≈.......#
#...≈g≈.....#.#
#############.# #.# #.#
#.# ##############.##
.....## #.........#.....#
####### +......>..#.###)#
#......
#.........#...))###......
#.............(.....#####
...................<#
..........#....(..(##


You could see Menkaure.

Vanquished Creatures
  The ghost of Grinner the Cudgeler, an amateur OgMo (D:3)
  A hound (D:4)
  2 orc wizards (D:4)
  5 adders
  3 gnolls
  3 oozes
  2 worms
  3 dart slugs
  2 leopard geckos (D:1)
  5 orcs
  4 giant cockroaches
  8 goblins
  9 hobgoblins
  4 jackals (D:1)
  2 quokkas (D:2)
  2 ball pythons (D:3)
  11 bats
  3 frilled lizards
  A jackal skeleton (D:4)
  8 kobolds
  10 rats
89 creatures vanquished.

Notes
Turn   | Place    | Note
-------+----------+-------------------------------------------
     0 | D:1      | Grinner the Ogre Monk began the quest for the Orb.
     0 | D:1      | Reached XP level 1. HP: 24/24 MP: 1/1
    69 | D:1      | Reached XP level 2. HP: 19/33 MP: 2/2
   526 | D:1      | Reached XP level 3. HP: 28/40 MP: 3/3
   665 | D:1      | Reached skill level 5 in Maces & Flails
  1349 | D:1      | Reached skill level 5 in Fighting
  1355 | D:1      | Reached XP level 4. HP: 14/50 MP: 4/4
  2196 | D:2      | Found a deep blue altar of Sif Muna.
  2395 | D:2      | Found a burning altar of Makhleb.
  2396 | D:2      | Found a shimmering altar of Xom.
  2567 | D:2      | Reached XP level 5. HP: 53/57 MP: 5/5
  2927 | D:3      | Found a basalt altar of Yredelemnul.
  2999 | D:3      | Noticed Grinner's ghost (amateur OgMo)
  3025 | D:3      | Killed Grinner's ghost
  3025 | D:3      | Reached XP level 6. HP: 47/68 MP: 6/6
  3188 | D:3      | Found a faded altar of an unknown god.
  3866 | D:4      | Found a snail-covered altar of Cheibriados.
  4056 | D:4      | Found an iron altar of Okawaru.
  4064 | D:4      | Became a worshipper of Warmaster Okawaru
  4064 | D:4      | Reached * piety under Okawaru
  4064 | D:4      | Reached ** piety under Okawaru
  4086 | D:4      | Noticed Menkaure
  4096 | D:4      | Slain by Menkaure

Skill      XL: |  1  2  3  4  5  6 |
---------------+-------------------+-----
Maces & Flails | 5 6 7 |  7.5
Fighting       | 5 6 7 |  7.1
Dodging        | |  2.6
Stealth        | |  1.4

Action                   |  1- 3 |  4- 6 || total
-------------------------+-------+-------++-------
Melee: Mace              |   102 |       ||   102
       Whip              |    15 |   150 ||   165
       Flail             |       |   140 ||   140
  Use: Scroll            |       |     7 ||     7
       Potion            |       |     7 ||     7
 Stab: Sleeping          |     3 |     1 ||     4
  Eat: Chunk             |     1 |     9 ||    10
Armor: Robe              |    29 |    72 ||   101
       Skin              |       |    12 ||    12
Dodge: Dodged            |    67 |   158 ||   225
Block: Other             |       |     5 ||     5
